 Dungeon Crawl Stone Soup version 0.29-a0-243-g602b31c20e (webtiles) character file.

Game seed: 14928040429965631356

75 spaghetti the Ruffian (level 4, -6/64 HPs)
             Began as an Ogre Chaos Knight on Mar 4, 2022.
             Was a Plaything of Xom.
             Killed from afar by a raiju (9 damage)
             ... with a living lightning
             ... on level 2 of the Dungeon.
             The game lasted 00:04:45 (2139 turns).

spaghetti the Ruffian (Ogre Chaos Knight)           Turns: 2139, Time: 00:04:45

Health: -6/64      AC: 22    Str: 14    XL:     4   Next: 31%
Magic:  4/4        EV:  1    Int: 13    God:    Xom [...*..]
Gold:   129        SH:  0    Dex:  8    Spells: 3/3 levels left

rFire   . . .      SeeInvis .   m - +2 short sword (speed) {short}
rCold   . . .      Faith    .   (no shield)
rNeg    . . .      Spirit   .   (body armour currently unavailable)
rPois   +          Reflect  .   (helmet currently unavailable)
rElec   .          Harm     .   (cloak currently unavailable)
rCorr   .          Rampage  .   (gloves unavailable)
Will    .....      NoTele   +   (boots unavailable)
Stlth   +.........              (no amulet)
HPRegen 0.20/turn               (no ring)
MPRegen 0.09/turn               (no ring)

@: agile, tree-form
A: stationary, stasis, torment immunity, boosted hp, large, unfitting armour,
(tough skin 1), frail 1, weak 2
a: Renounce Religion


You were on level 2 of the Dungeon.
You worshipped Xom.
You were a favourite toy of Xom.
You were a tree.
You visited 1 branch of the dungeon, and saw 3 of its levels.

You collected 184 gold pieces.
You spent 55 gold pieces at shops.


Innate Abilities, Weirdness & Mutations

You are a tree.
Your roots penetrate the ground, keeping you stationary.
You cannot be teleported.
You are immune to unholy pain and torment.
Your maximum health is greatly increased.
Your equipment is partially melded.
You are too large for most types of armour.
((You have tough skin. (AC +1)))
You are frail. (-10% HP)
You are very weak. (Str -4)


   Skills:
 * Level 4.2 Fighting
 - Level 2.1 Dodging
 - Level 4.4 Unarmed Combat


You had 3 spell levels left.
You didn't know any spells.
Your spell library contained the following spells:

 Spells                   Type           Power      Damage    Failure   Level
 Beastly Appendage        Tmut           0%         N/A       30%         1
 Wereblood                Tmut           0%         N/A       43%         2
 Spider Form              Tmut/Pois      0%         N/A       67%         3

Inventory:

Hand Weapons
 b - a +0 hand axe {axe}
   (You found it on level 1 of the Dungeon)
 m - a +2 short sword of speed (weapon) {short}
   (You took it off a kobold on level 2 of the Dungeon)
Missiles
 c - 103 stones (quivered) {throwing}
 f - 4 boomerangs {throwing}
Armour
 a - a +2 robe (melded)
Wands
 l - a wand of digging (2)
   (You found it on level 2 of the Dungeon)
Scrolls
 e - a scroll of fog
 h - a scroll of identify {@r1}

Dungeon Overview and Level Annotations

Branches:
Dungeon (3/15)

Altars:

Shops:
D:1

* #......>.....#...<.##...#####.โ€
..
####.#####.#.........#+#....#..#)
................##.#.#....#.#...#
#.##...###.#.......#.###..#.#....
.......# #)###..####........#...#
.#.#######...>..####.###.####..#.
.#.#.................# #.# #....
.#.#.##########.hยง######.# #....
.#.#..........5.โ™ฃ5##...#.####..#.
.#.##########.##............#...#
.#.# #...............#.##.#.#..).
.#.###.###############....#.#....
...#.............#.....####.#....
...#.#.#########.#...#.####.#....
##.#.#.........#.#............#.#
...#.#########.#.#..#.######.....
####.########..#.#........###.#.#


You could see a raiju (ally target), a friendly crimson imp (summoned) and a
friendly ufetubus (summoned).


Message History

The raiju bites you. The raiju shocks you!
* * * LOW HITPOINT WARNING * * *
๐Ÿ˜จ HP[-9]
You take 9 damage, and now have 28/64 hp.
You hit the raiju but do no damage.
You flicker back into view. ๐Ÿ˜จ HP[+1] Unknown command.
You miss the raiju. The raiju bites you but does no damage.
You hit the raiju but do no damage. The raiju bites you but does no damage.
You miss the raiju.
The raiju bursts into living lightning!
The living lightning hits you!
* * * LOW HITPOINT WARNING * * *
The raiju blinks! ๐Ÿ˜ฑ HP[-16]
You take 16 damage, and now have 13/64 hp.
MASSIVE DAMAGE!! (PAUSE)
You feel better. ๐Ÿ˜จ HP[+8]
You regained 8 hp, and now have 21/64 hp.
Unknown command.
Okay, then.
As you read the scroll labelled BOEFOR MEEGG, it crumbles to dust.
You feel momentarily disoriented.
It was a scroll of magic mapping.
Unknown command.
You hit the raiju.
Xom's power flows through you! ๐Ÿ˜จ HP[+1]
You hit the raiju but do no damage.
Your bat hits the raiju but does no damage.
The raiju bites you but does no damage.
You closely miss the raiju.
You are now a favourite toy of Xom.
Your bat hits the raiju. The raiju bites you but does no damage.
Your bat hits the raiju but does no damage.
You hit the raiju.
Your bat hits the raiju but does no damage.
Your bat closely misses the raiju.
You hit the raiju.
Xom titters.
The raiju looks rather confused.
Your bat closely misses the raiju.
Your bat misses the raiju. You barely miss the raiju.
You feel less wooden.
Your +2 robe unmelds from your body.
Your bat hits the raiju but does no damage.
The raiju misses your bat. ๐Ÿ˜จ HP[-7]
You now have 43 max hp (-21).
Okay, then.
Press: ? - help, v - describe, . - travel
Here: a raiju (moderately wounded, unusually agile, confused, ally target)
The floor.
Unknown command.
You hit the raiju but do no damage.
Your bat barely misses the raiju.
Your bat hits the raiju but does no damage.
The raiju barely misses your bat.
You hit the raiju. You punch the raiju. Your bat hits the raiju.
You hit the raiju but do no damage.
Your bat closely misses the raiju.
The raiju bites your bat. The raiju shocks your bat!
Your bat is killed!
Your bat's corpse disappears in a puff of smoke!
You hit the raiju but do no damage. Xom grants you some temporary aid.
The raiju seems less confused.
The raiju bursts into living lightning!
The living lightning hits you!
* * * LOW HITPOINT WARNING * * *
The raiju blinks! ๐Ÿ˜ฑ HP[-14]
You take 14 damage, and now have 1/43 hp.
MASSIVE DAMAGE!! (PAUSE)
Okay, then.
Okay, then.
Okay, then.
Okay, then.
Really quaff
d - a potion of lignification {!q}?
Really quaff the potion of lignification?
You turn into a tree.
Your +2 robe melds into your body.
Your roots penetrate the ground.
Your crimson imp completely misses the raiju. ๐Ÿ˜ฑ HP[+1]
You now have 64 max hp (+21).
Unknown command.
You hit the raiju. Your ufetubus hits the raiju.
Your ufetubus completely misses the raiju. ๐Ÿ˜ฑ HP[+1]
You hit the raiju.
Your ufetubus barely misses the raiju.
Your ufetubus completely misses the raiju.
The raiju bites you but does no damage.
Your crimson imp blinks!
You closely miss the raiju.
The raiju is no longer unusually agile.
Your ufetubus misses the raiju.
Your ufetubus barely misses the raiju.
The raiju bites you but does no damage.
You hit the raiju. Your ufetubus misses the raiju.
Your ufetubus hits the raiju.
The raiju bursts into living lightning!
The living lightning hits you!
You die...

Skill      XL: |  1  2  3 |
---------------+----------+-----
Unarmed Combat | 3 4 |  4.4
Fighting       | |  4.2
Dodging        | |  2.1

Action                   |  1- 3 |  4- 6 || total
-------------------------+-------+-------++-------
Melee: Unarmed           |   161 |    23 ||   184
       Punch             |     3 |     3 ||     6
       Short sword       |       |    64 ||    64
  Use: Potion            |     1 |     6 ||     7
       Scroll            |     2 |     2 ||     4
Armor: Robe              |    68 |    16 ||    84
       Skin              |       |    40 ||    40
Dodge: Dodged            |    60 |    17 ||    77

Levels and vault maps discovered:
D:1:      dpeg_arrival_rooms_a, layout_basic, serial_shops, shop,
          grunt_decor_junction
D:2:      wad_river_or_something, layout_basic
D:3:      layout_basic, minmay_lizard_king

Notes
Turn   | Place    | Note
-------+----------+-------------------------------------------
     0 | D:1      | spaghetti the Ogre Chaos Knight began the quest for the
                  | Orb.
     0 | D:1      | Reached XP level 1. HP: 24/24 MP: 1/1
     0 | D:1      | magus.rc [v1.9.6]
    15 | D:1      | XOM: silly message
   101 | D:1      | Reached skill level 3 in Unarmed Combat
   110 | D:1      | Reached XP level 2. HP: 23/32 MP: 2/2
   148 | D:1      | HP: 7/32 [gnoll/+0 flail (12)]
   148 | D:1      | XOM: butterfly on damage
   154 | D:1      | Reached XP level 3. HP: 22/39 MP: 3/3
   271 | D:1      | XOM: silly message
   371 | D:1      | XOM: silly message
   468 | D:1      | Found Fihig's General Store.
   639 | D:1      | Reached skill level 4 in Unarmed Combat
   735 | D:1      | Bought a potion of heal wounds for 55 gold pieces
  1201 | D:2      | You pick up a book of Changes and begin reading...
  1201 | D:2      | You add the spells Beastly Appendage, Wereblood and Spider
                  | Form to your library.
  1222 | D:2      | XOM: noise
  1282 | D:2      | XOM: summons 3 hostile shadow creatures
  1528 | D:2      | Reached XP level 4. HP: 46/48 MP: 4/4
  2068 | D:3      | Noticed a black bear
  2082 | D:2      | HP: 14/72 [black bear (7)]
  2087 | D:2      | XOM: blink monster(s)
  2088 | D:2      | XOM: give mutations
  2088 | D:2      | Gained mutation: You are frail. (-10% HP) [Xom's mischief]
  2088 | D:2      | Gained mutation: You are weak. (Str -2) [Xom's mischief]
  2088 | D:2      | Gained mutation: You are very weak. (Str -4) [Xom's
                  | mischief]
  2089 | D:2      | XOM: swap monsters
  2089 | D:2      | HP: 7/64 [black bear (4)]
  2090 | D:2      | Noticed a raiju
  2090 | D:2      | a black bear changed into a raiju
  2090 | D:2      | XOM: polymorph black bear -> raiju
  2097 | D:2      | XOM: chaos cloud
  2107 | D:2      | XOM: noise
  2121 | D:2      | HP: 13/64 [raiju/living lightning (16)]
  2124 | D:2      | XOM: cast spell 'Summon Small Mammal'
  2128 | D:2      | XOM: confuse monster(s)
  2134 | D:2      | XOM: summons 2 friendly demons
  2134 | D:2      | HP: 1/43 [raiju/living lightning (14)]
  2139 | D:2      | Killed from afar by a raiju

Vanquished Creatures
  A gnoll (D:1)
  An adder (D:2)
  4 dart slugs
  3 endoplasms
  7 goblins
  9 hobgoblins
  5 kobolds
  A quokka (D:1)
  6 ball pythons
  3 bats
  3 frilled lizards (D:1)
  4 rats
47 creatures vanquished.

Table legend:
 A = Non-vault XP
 B = Vault XP
 C = Vault XP percentage of total XP
 D = Non-vault monster count
 E = Vault monster count
 F = Vault count percentage of total count
                 A         B        C        D         E       F
            +---------+---------+-------+---------+---------+-------
      Total |      88 |      20 |  18.5 |      38 |       9 |  19.1
            +---------+---------+-------+---------+---------+-------
        D:1 |      56 |       0 |   0.0 |      26 |       0 |   0.0
        D:2 |      32 |      20 |  38.5 |      12 |       9 |  42.9
            +---------+---------+-------+---------+---------+-------

Illustrated notes

Table legend:
 A = Kills in this place as a percentage of kills in entire the game.
 B = Kills by you in this place as a percentage of kills by you in the entire game.
 C = Kills by friends in this place as a percentage of kills by friends in the entire game.
 D = Other kills in this place as a percentage of other kills in the entire game.
 E = Experience gained in this place as a percentage of experience gained in the entire game.
 F = Experience gained in this place divided by the number of levels of this place that you have seen.
                   A       B       C       D       E      F
               +-------+-------+-------+-------+-------+----------------------
         Total | 100.0 | 100.0 |   N/A |   N/A | 100.0 |  36.0
       Dungeon | 100.0 | 100.0 |   N/A |   N/A | 100.0 |  36.0
               +-------+-------+-------+-------+-------+----------------------

Table legend: (Time is in decaauts)
 A = Elapsed time spent in this place.
 B = Non-inter-level travel time spent in this place.
 C = Inter-level travel time spent in this place.
 D = Time resting spent in this place.
 E = Time spent auto-exploring this place.
 F = Levels seen in this place.
 G = Mean time per level.
                   A        B        C        D        E       F      G
               +--------+--------+--------+--------+--------+-----+--------+
         Total |   2111 |   1991 |    120 |    324 |   1280 |   3 |  703.7 |
       Dungeon |   2111 |   1991 |    120 |    324 |   1280 |   3 |  703.7 |
               +--------+--------+--------+--------+--------+-----+--------+

Top non-repeatable levels by time:
     D:2: 1212 daAuts
     D:1: 892 daAuts
     D:3: 7 daAuts
